 Dungeon Crawl Stone Soup version 0.28-a0-1624-g820543e53a (webtiles) character file.

Game seed: 5104923149808713239

1274 HallandMoats the Skirmisher (level 8, -5/71 HPs)
             Began as a Ghoul Fighter on Jan 24, 2022.
             Was an Elder of Jiyva.
             Slain by a gnoll sergeant (16 damage)
             ... on level 5 of the Dungeon.
             The game lasted 00:07:26 (4260 turns).

HallandMoats the Skirmisher (Ghoul Fighter)         Turns: 4260, Time: 00:07:27

Health: -5/71      AC:  0    Str: 20    XL:     8   Next: 53%
Magic:  3/7        EV: 11    Int:  5    God:    Jiyva [****..]
Gold:   148        SH:  4    Dex:  8    Spells: 7/7 levels left

rFire   . . .      SeeInvis .   m - +1 short sword (speed)
rCold   + . .      Faith    .   c - +0 buckler
rNeg    + + +      Spirit   .   n - +0 steam dragon scales
rPois   ∞          Reflect  .   (no helmet)
rElec   .          Harm     .   l - +1 cloak {rCorr}
rCorr   +          Rampage  .   (no gloves)
Will    .....                   (no boots)
Stlth   +.........              (no amulet)
HPRegen 1.28/turn               (no ring)
MPRegen 0.50/turn               (no ring)

@: slimy (expiring), corroded, inhibited regen
A: claws 1, cold resistance 1, negative energy resistance 3, inhibited
regeneration, torment resistance 2
a: Renounce Religion, Oozemancy, Slimify


You were on level 5 of the Dungeon.
You worshipped Jiyva.
Jiyva was greatly pleased with you.
You visited 1 branch of the dungeon, and saw 5 of its levels.

You collected 148 gold pieces.

Inventory:

Hand Weapons
 a - a +0 rapier
 b - a +2 spear of venom
 m - a +1 short sword of speed (weapon)
Armour
 c - a +0 buckler (worn)
 l - a +1 cloak of preservation (worn)
 n - +0 steam dragon scales (worn)
Wands
 t - a wand of flame (13)
Scrolls
 h - a scroll of immolation {unknown}
 j - a scroll of amnesia {unknown}
 k - 4 scrolls of teleportation {unknown}
 p - a scroll of blinking
Potions
 d - a potion of attraction {unknown}
 f - a potion of berserk rage {unknown}
 g - a potion of mutation {unknown}
 i - 2 potions of lignification {unknown}
 o - 2 potions of brilliance {unknown}
 q - a potion of haste {unknown}
 r - a potion of curing


   Skills:
 * Level 6.7 Fighting
 * Level 5.2 Short Blades
 + Level 4.2 Armour
 + Level 3.2 Dodging
 + Level 4.3 Shields


You had 7 spell levels left.
You didn't know any spells.
Your spell library was empty.

Dungeon Overview and Level Annotations

Branches:
Dungeon (5/15)
 Temple: D:4-7

Altars:
Trog
Zin
Jiyva

Annotations:
D:5 Xenoroth's ghost, novice MfCK


Innate Abilities, Weirdness & Mutations

You thrive by killing the living.
You are immune to poison.
You have sharp fingernails.
Your flesh is cold resistant. (rC+)
You are immune to negative energy. (rN+++)
You do not regenerate when monsters are visible.
You are immune to unholy pain and torment.


Message History

There is a transporter here.
You see here a scroll of vulnerability.
You enter the transporter and appear at another place.
The gnoll sergeant shouts!
The gnoll zaps a wand.
The bolt of acid hits the gnoll!!
The acid corrodes the gnoll!
The gnoll dies!
The bolt of acid misses you.
The gnoll zaps a wand.
The bolt of acid hits you! You resist. The acid corrodes you!
There is an open translucent door, spattered with blood here.
Items here: ( )) ÷÷.
Xenoroth's ghost barely misses you.
The gnoll zaps a wand.
The bolt of acid hits you! You resist. The acid corrodes you!
Things that are here:
a +0 scale mail; a +0 buckler
Okay, then.
The gnoll shaman hits you with a +0 scythe!
Things that are here:
a +0 spear; a +0 ring mail; a gnoll skeleton You hit the gnoll shaman but do no damage.
The gnoll shaman barely misses you. You block Xenoroth's ghost's attack.
A thick mucus forms on your +1 short sword of speed.
You will no longer expel jellies when injured.
The gnoll sergeant hits you from afar with the +5 spear "Lufaw" {venom, rElec rF+++ rC- MP-9}!
The gnoll shaman hits you with a +0 scythe!
* * * LOW HITPOINT WARNING * * *
Xenoroth's ghost wails, "They lied to you.
The Dungeon just goes down and down forever."
Xenoroth's ghost barely misses you.
You hit Xenoroth's ghost.
Xenoroth's ghost is lightly damaged.
The gnoll sergeant barely misses you.
You closely miss Xenoroth's ghost.
Xenoroth's ghost is lightly damaged.
Your slime is starting to congeal.
The gnoll shaman calls down the wrath of its god upon you.
You resist with some effort. Xenoroth's ghost hits you.
* * * LOW HITPOINT WARNING * * *
The gnoll sergeant hits you from afar with the +5 spear "Lufaw" {venom, rElec rF+++ rC- MP-9}!
You die...

##..............................
##..........<..................
#..............................
###.≈≈≈≈≈≈≈≈≈≈≈≈≈≈≈≈≈≈≈≈≈≈≈≈≈....
#...≈≈≈≈≈≈≈≈≈≈≈≈≈≈J≈≈≈≈≈≈≈≈≈≈....
....≈≈#####....J......#####≈≈....
.##.≈≈#.#.#.###.©.###.#.#.#≈≈....
###.≈≈#...###.#####©###...#≈≈....
# #.≈≈###......g@W......###≈≈....
#.≈≈.8#.######)######.#8.≈≈....
#.≈≈.##.#.. #8gg#.⌠.#.##.≈≈....
#.≈≈.#W.g. #⌠©..g..'..#.≈≈.#..
#.≈≈.##.#. #8..#.⌠.#.##.≈≈....
#.≈≈.8#g######)######.#8.≈≈....
#.≈≈###...............###≈≈...#
##.≈≈#...###g#####.###...#≈≈...#
##..≈≈#g#.#.###.©.###.#.#.#≈≈...#


You could see a gnoll sergeant, a gnoll shaman, Xenoroth's ghost, a gnoll and 2
neutral jellies(fellow slime).

Vanquished Creatures
  Grinder (D:5)
  Eustachio (D:5)
  A steam dragon (D:4)
  Edmund (D:4)
  An ogre (D:4)
  2 gnoll sergeants (D:5)
  2 scorpions
  Crazy Yiuf (D:3)
  An orc priest (D:4)
  A hound (D:5)
  A centaur skeleton (D:4)
  2 iguanas
  Ijyb (D:5)
  A hound zombie (D:5)
  A hound skeleton (D:4)
  6 gnolls (D:5)
  6 adders
  2 worms (D:2)
  A dart slug (D:4)
  10 orcs
  2 endoplasms
  5 goblins
  7 hobgoblins
  5 jackals
  8 quokkas
  4 ball pythons
  4 bats
  3 frilled lizards
  6 kobolds
  3 rats
90 creatures vanquished.

Vanquished Creatures (others)
  A water moccasin zombie (D:5)
  7 jellies
  An orc wizard (D:3)
  A gnoll (D:5)
  4 orcs (D:3)
  3 endoplasms
  2 giant cockroaches
  3 hobgoblins (D:3)
  A jackal (D:4)
  2 kobolds
  A bat (D:3)
  A frilled lizard (D:3)
  3 rats
  11 plants
41 creatures vanquished.

Grand Total: 131 creatures vanquished

Notes
Turn   | Place    | Note
-------+----------+-------------------------------------------
     0 | D:1      | HallandMoats the Ghoul Fighter began the quest for the Orb.
     0 | D:1      | Reached XP level 1. HP: 19/19 MP: 0/0
    88 | D:1      | You fall into a shaft and drop 1 floor!
    96 | D:2      | Reached XP level 2. HP: 26/26 MP: 1/1
   354 | D:1      | Reached XP level 3. HP: 29/31 MP: 2/2
   848 | D:2      | Found a faded altar of an unknown god.
   853 | D:2      | Prayed at the altar of an unknown god.
   853 | D:2      | Became a worshipper of Jiyva Jaqoqehe the Shapeless
   853 | D:2      | Reached * piety under Jiyva
  1250 | D:2      | Reached skill level 1 in Dodging
  1250 | D:2      | Reached XP level 4. HP: 40/40 MP: 3/3
  1263 | D:2      | Reached ** piety under Jiyva
  1362 | D:3      | Reached skill level 4 in Fighting
  1533 | D:3      | Found a runed translucent door.
  1534 | D:3      | Noticed Crazy Yiuf
  1955 | D:3      | Killed Crazy Yiuf
  2033 | D:4      | Noticed a scorpion
  2042 | D:4      | Killed a scorpion
  2043 | D:4      | Reached XP level 5. HP: 40/47 MP: 4/4
  2157 | D:4      | Reached *** piety under Jiyva
  2218 | D:4      | Reached XP level 6. HP: 17/53 MP: 5/5
  2415 | D:4      | Noticed Edmund
  2427 | D:4      | Killed Edmund
  2428 | D:4      | Reached skill level 5 in Fighting
  2513 | D:4      | Reached XP level 7. HP: 11/61 MP: 6/6
  2563 | D:4      | Noticed a steam dragon
  2582 | D:4      | Killed a steam dragon
  2868 | D:5      | Entered Level 5 of the Dungeon
  2920 | D:5      | Reached **** piety under Jiyva
  2928 | D:5      | Noticed Grinder
  2975 | D:5      | Paralysed by Grinder for 3 turns
  2983 | D:5      | Killed Grinder
  2984 | D:5      | Reached skill level 6 in Fighting
  2984 | D:5      | Reached XP level 8. HP: 70/70 MP: 7/7
  3113 | D:5      | Found a transporter.
  3305 | D:5      | Reached ***** piety under Jiyva
  3421 | D:5      | Noticed Ijyb
  3440 | D:5      | Killed Ijyb
  3588 | D:5      | Identified the +5 spear "Lufaw" {venom, rElec rF+++ rC-
                  | MP-9}
  3588 | D:5      | Identified the +3 ring mail of the Game of Kings {Harm MP-9
                  | Str+5 SInv}
  3593 | D:5      | Found a transporter.
  3748 | D:5      | Found a bloodstained altar of Trog.
  3768 | D:5      | Noticed Eustachio
  3827 | D:5      | Killed Eustachio
  3828 | D:5      | Reached skill level 5 in Short Blades
  3901 | D:5      | Noticed Xenoroth's ghost (novice MfCK)
  4260 | D:5      | Slain by a gnoll sergeant

Illustrated notes

Levels and vault maps discovered:
D:1:      dpeg_arrival_morbid_curiosity, layout_rooms, minmay_strange_pillars,
          minmay_stone_trees_small
D:2:      layout_rooms, dreamdust_ecumenical_altar_statues, interstate_on_off
D:3:      layout_loops_ring, uniq_crazy_yiuf_cottage
D:4:      layout_gridville, mainiacjoe_overflow_chevrons, uniq_edmund
D:5:      layout_layer_cave, lemuel_coloured_pillars_altar,
          gammafunk_ghost_gnarly_gnolls, uniq_ijyb, uniq_eustachio, uniq_grinder

Skill      XL: |  1  2  3  4  5  6  7  8 |
---------------+-------------------------+-----
Short Blades   | 2 3 4 5 |  5.2
Dodging        | 1 2 3 |  3.2
Fighting       | 4 5 6 |  6.7
Armour         | 3 4 |  4.2
Shields        | 3 4 |  4.3

Action                   |  1- 3 |  4- 6 |  7- 9 || total
-------------------------+-------+-------+-------++-------
Melee: Rapier            |   126 |    90 |       ||   216
       Short sword       |       |    55 |   289 ||   344
Invok: Slimify           |       |       |     1 ||     1
  Use: Potion            |       |     3 |     1 ||     4
       Scroll            |       |       |     2 ||     2
Armor: Scale mail        |    49 |    49 |     8 ||   106
       Steam dragon scal |       |       |    80 ||    80
Dodge: Dodged            |    63 |    49 |   141 ||   253
Block: Buckler           |    31 |    18 |    44 ||    93

Table legend: (Time is in decaauts)
 A = Elapsed time spent in this place.
 B = Non-inter-level travel time spent in this place.
 C = Inter-level travel time spent in this place.
 D = Time resting spent in this place.
 E = Time spent auto-exploring this place.
 F = Levels seen in this place.
 G = Mean time per level.
                   A        B        C        D        E       F      G
               +--------+--------+--------+--------+--------+-----+--------+
         Total |   4141 |   3905 |    236 |    160 |   2824 |   5 |  828.2 |
       Dungeon |   4141 |   3905 |    236 |    160 |   2824 |   5 |  828.2 |
               +--------+--------+--------+--------+--------+-----+--------+

Top non-repeatable levels by time:
     D:5: 1302 daAuts
     D:1: 818 daAuts
     D:4: 801 daAuts
     D:3: 726 daAuts
     D:2: 492 daAuts
